 Dungeon Crawl Stone Soup version 0.28.0 (webtiles) character file.

Game seed: 4925177582897121767

4 PieDemon the Skirmisher (level 1, -1/20 HPs)
             Began as a Djinni Cinder Acolyte on Feb 4, 2022.
             Was a High Priest of Ignis.
             Slain by a jackal (3 damage)
             ... on level 1 of the Dungeon.
             The game lasted 00:02:45 (43 turns).

PieDemon the Skirmisher (Djinni Cinder Acolyte)       Turns: 43, Time: 00:02:46

Health: -1/20      AC:  9    Str: 13    XL:     1   Next: 77%
Gold:   0          EV: 11    Int: 15    God:    Ignis [*****.] SH:  0 Dex:  8

rFire   + + +      SeeInvis .   a - -1 falchion (flame)
rCold   x . .      Faith    .   (no shield)
rNeg    . . .      Spirit   .   b - +0 robe
rPois   ∞          Reflect  .   (no helmet)
rElec   .          Harm     .   (no cloak)
rCorr   .          Rampage  .   (no gloves)
Will    .....                   (boots unavailable)
Stlth   +.........              (no amulet)
HPRegen 0.06/turn               (no ring)
MPRegen 0.00/turn               (no ring)

@: fiery-armoured, flying
A: sickness immunity, fire resistance 2, cold vulnerability 1, float, innate
caster, HP casting, extra vitality 1
a: Renounce Religion, Fiery Armour, Foxfire Swarm, Rising Flame


You were on level 1 of the Dungeon.
You worshipped Ignis.
Ignis was extremely pleased with you.
You visited 1 branch of the dungeon, and saw 1 of its levels.

Inventory:

Hand Weapons
 a - a -1 falchion of flaming (weapon)
Armour
 b - a +0 robe (worn)


   Skills:
 - Level 3.0 Fighting
 + Level 2.7 Long Blades
 + Level 0.4 Dodging
 * Level 2.5 Spellcasting


You had 3 spell levels left.
You knew the following spells:

 Your Spells              Type           Power      Damage    Failure   Level
a - Scorch                Fire           18%        2d6       11%         2
Your spell library was empty.

Dungeon Overview and Level Annotations

Branches:
Dungeon (1/15)

Altars:


Innate Abilities, Weirdness & Mutations

You are immune to sickness and miasma.
You are immune to poison.
Your flesh is very heat resistant. (rF++)
You are vulnerable to cold. (rC-)
You float through the air rather than walking.
You learn spells naturally, not from books.
Your magical power is your life essence.
You have superior vitality. (+4 MHP)


Message History

The jackal is severely wounded.
The jackal bites you. x2
You hit the jackal. You burn the jackal.
You kill the jackal!
The goblin barely misses you.
You slash the goblin! You burn the goblin.
You kill the goblin!
The kobold hits you but does no damage.
You barely miss the kobold. The kobold hits you with a +0 club.
You closely miss the kobold. The kobold hits you with a +0 club.
You barely miss the kobold. The kobold hits you but does no damage.
You closely miss the kobold. The kobold completely misses you.
You barely miss the kobold. The kobold hits you with a +0 club.
You hit the kobold. You burn the kobold.
You kill the kobold!
The jackal bites you.
You closely miss the jackal. The jackal bites you.
You miss the jackal. The jackal bites you.
* * * LOW HITPOINT WARNING * * *
The jackal barely misses you.
You barely miss the jackal.
The jackal bites you but does no damage. x2
You hit the jackal but do no damage. The jackal bites you.
* * * LOW HITPOINT WARNING * * *
You hit the jackal but do no damage. The jackal bites you.
* * * LOW HITPOINT WARNING * * *
The jackal bites you.
* * * LOW HITPOINT WARNING * * *
You closely miss the jackal.
The jackal bites you but does no damage.
The jackal completely misses you.
You aren't carrying any potions.
A protective cloak of flame settles atop you.
The jackal closely misses you.
You closely miss the jackal.
The jackal bites you but does no damage.
The jackal is burned by your cloak of flames.
The jackal is severely wounded.
The jackal bites you.
You die...

. #.#....#?## .
#$....g... ##
.##.#....#.###
#.###.#..........#
#.....# #.##.....###
###.#.#.###..........#
#.........####.....#.#
#.#.#.#.#.###hr.......
.. #.#.....@###.......
#.#.###.###.#.##
#####.#
#......<......# #
#.#.###.###.#.# .
#.#....... #.#.#.###.#
......# ... #.# ### ..
...


You could see a jackal and a rat.

Vanquished Creatures
  A goblin (D:1)
  A jackal (D:1)
  A kobold (D:1)
  A rat (D:1)
4 creatures vanquished.

Notes
Turn   | Place    | Note
-------+----------+-------------------------------------------
     0 | D:1      | PieDemon the Djinni Cinder Acolyte began the quest for the
                  | Orb.
     0 | D:1      | Reached XP level 1. HP: 20/20 MP: 0/0
    43 | D:1      | Slain by a jackal

Illustrated notes

Levels and vault maps discovered:
D:1:      roderic_chinese_lattice_arrival, layout_loops_ring

Action                   || total
-------------------------++-------
Melee: Falchion          ||    18
Invok: Fiery Armour      ||     1
Armor: Robe              ||     7
Dodge: Dodged            ||     5
